 Dungeon Crawl Stone Soup version 0.27-a0-819-g058290f16d (webtiles) character file.

Game seed: 16281816313559627437

190811 sleeves the Fencer (level 17, 0/122 HPs)
             Began as a Demonspawn Fighter on Mar 28, 2021.
             Was an Initiate of Gozag.
             Slain by a merfolk
             ... wielding a +0 trident
              (1 damage)
             ... on level 4 of the Shoals on Mar 29, 2021.
             The game lasted 02:07:24 (51084 turns).

sleeves the Fencer (Demonspawn Fighter)            Turns: 51084, Time: 02:07:25

Health: 0/122      AC: 29    Str: 18    XL:     17   Next: 99%
Magic:  17/17      EV: 11    Int: 18    God:    Gozag
Gold:   8302       SH: 13    Dex: 13    Spells: 11/16 levels left

rFire    + . .     SeeInvis +   i - +2 double sword (elec)
rCold    . . .     Faith    .   T - +0 kite shield {reflect} {Donald}
rNeg     . . .     Spirit   .   B - +4 chain mail {rF+}
rPois    +         Reflect  +   G - +1 helmet {Int+3}
rElec    .         Harm     .   C - +2 cloak {rPois}
rCorr    .         Rampage  .   A - +2 pair of gloves
Will     +....                  (boots unavailable)
Stlth    ..........             N - amulet of the acrobat
HPRegen  0.30/turn              P - ring of see invisible
MPRegen  0.15/turn              f - +4 ring of slaying

@: mighty, brilliant, engulfed (cannot breathe), flying
A: hooves 3, iridescent scales 2, powered by death 3, demonic magic 1
a: Renounce Religion, Potion Petition, Call Merchant, Bribe Branch


You were on level 4 of the Shoals.
You worshipped Gozag.
Gozag was greatly pleased with you.
You visited 6 branches of the dungeon, and saw 32 of its levels.

You collected 10503 gold pieces.
You spent 457 gold pieces at shops.
You paid 1744 gold pieces to Gozag.

Inventory:

Hand Weapons
 i - a +2 double sword of electrocution (weapon)
   (You took it off Donald on level 1 of the Spider Nest)
 t - a +3 scimitar of flaming
   (You took it off an efreet on level 13 of the Dungeon)
Armour
 c - a +0 kite shield
 v - a +2 scale mail of poison resistance
   (You bought it in a shop on level 2 of the Orcish Mines)
 A - a +2 pair of gloves (worn)
   (You found it on level 7 of the Dungeon)
 B - a +4 chain mail of fire resistance (worn)
   (You took it off Donald on level 1 of the Spider Nest)
 C - a +2 cloak of poison resistance (worn)
   (You found it on level 7 of the Dungeon)
 G - a +1 helmet of intelligence (worn)
   (You found it on level 8 of the Dungeon)
 T - a +0 kite shield of reflection (worn) {Donald}
   (You took it off Donald on level 1 of the Spider Nest)
Jewellery
 b - a ring of protection from fire
   (You found it on level 15 of the Dungeon)
 f - a +4 ring of slaying (right hand)
   (You took it off a merfolk siren on level 1 of the Shoals)
 l - a ring of wizardry
   (You found it on level 2 of the Spider Nest)
 x - a ring of protection from cold
   (You found it on level 6 of the Dungeon)
 N - an amulet of the acrobat (around neck)
   (You found it on level 9 of the Dungeon)
 P - a ring of see invisible (left hand)
   (You found it on level 11 of the Dungeon)
 Q - the ring of Siestu {Fire Stlth+}
   (You found it on level 2 of the Shoals)

   [ring of fire]

   It enhances your fire magic.
   It protects you from fire.
   It makes you vulnerable to cold.
   It makes you more stealthy.
 R - a +4 ring of evasion
   (You found it on level 1 of the Lair of Beasts)
Wands
 g - a wand of random effects (42)
   (You found it on level 10 of the Dungeon)
 u - a wand of flame (12)
   (You found it on level 15 of the Dungeon)
 z - a wand of acid (9)
   (You found it on level 6 of the Dungeon)
 V - a wand of mindburst (2)
   (You found it on level 3 of the Lair of Beasts)
Scrolls
 h - 10 scrolls of amnesia
 p - 5 scrolls of magic mapping
 q - 4 scrolls of enchant armour
 r - 4 scrolls of holy word
 s - a scroll of fear
 w - 5 scrolls of torment
 y - 4 scrolls of enchant weapon
 D - 4 scrolls of teleportation
 I - a scroll of summoning
 J - a scroll of brand weapon
 M - 6 scrolls of immolation
 S - a scroll of fog
 W - a scroll of identify
 Y - 3 scrolls of vulnerability
Potions
 a - a potion of ambrosia {unknown}
 d - 2 potions of might
 j - a potion of flight
 k - a potion of invisibility {unknown}
 m - 2 potions of cancellation {unknown}
 n - 10 potions of curing
 E - 5 potions of lignification
 F - 3 potions of mutation
 L - 4 potions of brilliance
 O - 2 potions of resistance
 U - 3 potions of magic
 Z - a potion of haste
Miscellaneous
 H - a phial of floods
   (You found it on level 2 of the Shoals)
 K - a condenser vane (inert)
   (You found it on level 11 of the Dungeon)


   Skills:
 - Level 8.0 Fighting
 - Level 19.0 Long Blades
 - Level 12.0 Armour
 - Level 12.0 Dodging
 + Level 13.2 Shields
 - Level 8.0 Evocations


You had 11 spell levels left.
You knew the following spells:

 Your Spells              Type           Power      Damage    Failure   Level
a - Blink                 Tloc           N/A        N/A       97%         2
b - Mephitic Cloud        Conj/Pois/Air  0%         N/A       99%         3

Your spell library contained the following spells:

 Spells                   Type           Power      Damage    Failure   Level
 Animate Skeleton         Necr           0%         N/A       91%         1
 Apportation              Tloc           0%         N/A       91%         1
 Corona                   Hex            0%         N/A       91%         1
 Freeze                   Ice            0%         1d3       91%         1
 Magic Dart               Conj           0%         1d3       91%         1
 Sandblast                Erth           0%         2d4       91%         1
 Summon Small Mammal      Summ           0%         N/A       91%         1
 Call Imp                 Summ           0%         N/A       97%         2
 Ensorcelled Hibernation  Hex/Ice        0%         N/A       97%         2
 Passwall                 Tmut/Erth      0%         N/A       97%         2
 Poisonous Vapours        Pois/Air       0%         N/A       97%         2
 Searing Ray              Conj           0%         3d3       97%         2
 Slow                     Hex            0%         N/A       97%         2
 Confusing Touch          Hex            0%         N/A       99%         3
 Conjure Flame            Conj/Fire      0%         6-21      99%         3
 Dazzling Flash           Conj/Hex       0%         N/A       99%         3
 Frozen Ramparts          Ice            0%         1d2       99%         3
 Gell's Gravitas          Tloc           0%         N/A       99%         3
 Ozocubu's Armour         Ice            0%         N/A       99%         3
 Static Discharge         Conj/Air       0%         N/A       99%         3
 Stone Arrow              Conj/Erth      0%         3d7       99%         3
 Tukima's Dance           Hex            0%         N/A       99%         3
 Animate Armour           Summ/Erth      0%         N/A       100%        4
 Fulminant Prism          Conj/Hex       0%         3d6       100%        4
 Hailstorm                Conj/Ice       0%         3d3       100%        4
 Iskenderun's Mystic Bla  Conj/Tloc      0%         2d3       100%        4
 Petrify                  Tmut/Erth      0%         N/A       100%        4
 Summon Ice Beast         Ice/Summ       0%         N/A       100%        4
 Bolt of Magma            Conj/Fire/Erth 0%         4d4       100%        5
 Borgnjor's Vile Clutch   Necr/Erth      0%         N/A       100%        5
 Iskenderun's Battlesphe  Conj           0%         2d6       100%        5
 Lee's Rapid Deconstruct  Erth           0%         3d5*      100%        5
 Metabolic Englaciation   Hex/Ice        0%         N/A       100%        5
 Yara's Violent Unravell  Hex/Tmut       0%         3d3       100%        5
 Iron Shot                Conj/Erth      0%         9d1       100%        6
 Statue Form              Tmut/Erth      0%         N/A       100%        6
 Orb of Destruction       Conj           0%         N/A       100%        7
 Spellforged Servitor     Conj/Summ      0%         N/A       100%        7
 Shatter                  Erth           0%         3d5*      100%        9


Dungeon Overview and Level Annotations

Branches:
Dungeon (15/15)            Temple (1/1) D:4            Lair (6/6) D:8
 Shoals (4/4) Lair:2       Spider (4/4) Lair:2        Slime (0/5) Lair:5
    Orc (2/2) D:10            Elf (0/3) Orc:2        Vaults (0/5) D:13
 Depths (0/5) D:15

Altars:
Ashenzari
Cheibriados
Dithmenos
Elyvilon
Fedhas
Gozag
Hepliaklqana
Kikubaaqudgha
Makhleb
Nemelex Xobeh
Okawaru
Qazlal
Ru
Sif Muna
Trog
Uskayaw
Vehumet
Wu Jian
Xom
Yredelemnul
Zin
The Shining One
Beogh
Lugonu

Shops:
Orc:2 (:[[   Shoals:2 *

Portals:
Abyss: Spider:2
Trove: D:14 (give +7 demon whip)

Annotations:
D:3 2 runed translucent doors, mojowtm's ghost, weakling DECj
D:4 exclusion: goblin
D:9 2 transporters
D:11 2 runed translucent doors
D:15 Roxanne
Lair:3 exclusion: 4 oklob plants


Innate Abilities, Weirdness & Mutations

You have hooves in place of feet.
You are mostly covered in iridescent scales. (AC +4)
You regenerate a lot of health from kills.
Spells you cast may paralyse adjacent enemies.


Message History

7 boomerangs of dispersal; a +0 trident Unknown command.
You enter the shallow water.
Moving in this stuff is going to be slow.
You enter the shallow water.
Moving in this stuff is going to be slow.
Things that are here:
a +0 leather armour; a +0 trident
Things that are here:
a +0 robe; a +4 trident of freezing You enter the shallow water.
Moving in this stuff is going to be slow.
There is a stone staircase leading down here.
Unknown command.
Unknown command.
Unknown command.
Unknown command.
Unknown command.
Unknown command.
Unknown command.
Unknown command.
Unknown command.
Unknown command.
Unknown command.
Unknown command.
Unknown command.
Unknown command.
Unknown command.
Unknown command.
You see here a +0 spear.
You see here a +0 dagger.
You see here 6 large rocks.
You enter the shallow water.
Moving in this stuff is going to be slow.
Splash!
You fall into the shallow water.
Moving in this stuff is going to be slow.
There is a stone staircase leading down here.
You climb downwards.
The merfolk avatar shouts!
The wind drake exhales a fierce blast of wind!
You are blown backwards!
A faun comes into view. It is wielding a +0 quarterstaff.
The manticore flicks its tail.
Your +0 kite shield of reflection {Donald} reflects the volley of spikes!
The volley of spikes hits the manticore.
The wind drake misses you.
You riposte.
You completely miss the wind drake. You kick the wind drake!
The wind drake is lightly wounded.
You barely miss the wind drake. You kick the wind drake!
The wind drake is moderately wounded.
The wind drake exhales a fierce blast of wind!
You are blown backwards!
The manticore is blown away by the wind.
The merfolk avatar chants a haunting song.
You are mesmerised by the merfolk avatar!
You block the wind drake's attack.
The merfolk avatar chants its luring song.
The manticore misses you. The manticore completely misses you.
The manticore claws you but does no damage.
You barely miss the wind drake. Your kick misses the wind drake.
The wind drake is moderately wounded.
The wind drake bites you but does no damage.
You closely miss the wind drake. You kick the wind drake!
The wind drake is heavily wounded.
The wind drake barely misses you.
You riposte.
You closely miss the wind drake.
The wind drake is heavily wounded.
The manticore barely misses you. The manticore claws you.
You block the manticore's attack.
The faun shouts!
You slice the manticore!!
Lightning courses through the manticore!
You kick the manticore.
You kill the manticore!
A faun comes into view. It is wielding a +0 club.
The wind drake bites you but does no damage.
The merfolk avatar chants its luring song.
The faun becomes distracted by the nearby gold, dreaming of imaginary riches.
The faun shouts! x2
You slice the wind drake!!
The wind drake is almost dead.
The faun is no longer distracted by gold.
The wind drake closely misses you.
The faun unwields a +0 club.
The faun wields a +0 hunting sling.
The faun shoots a stone.
The stone hits you.
You hit the wind drake.
Lightning courses through the wind drake!
You kill the wind drake!
Shadowy forms rise from the deep at the merfolk avatar's song!
The merfolk avatar chants its luring song.
The faun gestures at you while chanting.
You resist with significant effort.
There is a stone staircase leading up, spattered with blood here.
You see here 21 gold pieces.
You slash the merfolk avatar! Your kick misses the merfolk avatar.
The merfolk avatar is moderately wounded.
The shadowy forms in the deep grow still as others approach.
The merfolk avatar becomes distracted by the nearby gold, dreaming of imaginary riches.
The faun unwields a +0 quarterstaff.
The faun wields a +0 hunting sling.
The faun shoots a sling bullet.
The sling bullet closely misses you.
The faun shoots a stone.
You reflect the stone off your +0 kite shield of reflection {Donald}!
The stone hits the faun!!
You strike the helpless merfolk avatar from behind!
You slash the merfolk avatar!
The merfolk avatar is no longer distracted by gold.
The merfolk avatar is moderately wounded.
The merfolk avatar chants its luring song.
A merfolk comes into view. It is wielding a +0 trident.
The faun gestures at you while chanting.
You resist with significant effort.
The faun shoots a sling bullet.
The sling bullet hits you!
The merfolk shouts!
You slash the merfolk avatar!
The merfolk avatar is heavily wounded.
The merfolk avatar chants its luring song.
You hit the merfolk avatar.
The merfolk avatar is severely wounded.
The faun becomes distracted by the nearby gold, dreaming of imaginary riches.
The faun shoots a sling bullet.
You reflect the sling bullet off your +0 kite shield of reflection {Donald}!
The sling bullet hits the faun!
The merfolk avatar chants its luring song.
The faun shouts!
You slash the merfolk avatar! You kick the merfolk avatar.
The merfolk avatar is almost dead.
The drowned soul becomes distracted by the nearby gold, dreaming of imaginary riches.
The faun shoots a sling bullet.
You reflect the sling bullet off your +0 kite shield of reflection {Donald}!
The sling bullet hits the faun!
You barely miss the merfolk avatar.
The merfolk avatar is almost dead.
The drowned soul is no longer distracted by gold.
The merfolk avatar chants its luring song.
A harpy comes into view.
The drowned soul touches you. The drowned soul drowns you!
The faun shoots a sling bullet.
The sling bullet barely misses you.
The harpy screeches!
You slash the merfolk avatar!
The merfolk avatar is almost dead.
You hear a screech!
The merfolk avatar chants its luring song.
You slash the merfolk avatar!
Lightning courses through the merfolk avatar!
You are no longer entranced.
You kill the merfolk avatar!
The merfolk hits you from afar with a +0 trident!
There are monsters nearby!
The faun is no longer distracted by gold.
The faun shoots a stone.
You reflect the stone off your +0 kite shield of reflection {Donald}!
The stone hits the faun!!
The faun shoots a sling bullet.
The sling bullet completely misses you. You block the merfolk's attack.
You see here 7 gold pieces.
You closely miss the merfolk. You kick the merfolk!
The merfolk is lightly wounded.
The harpy becomes distracted by the nearby gold, dreaming of imaginary riches.
The faun gestures at you while chanting.
You are outlined in light.
The faun becomes distracted by the nearby gold, dreaming of imaginary riches.
The faun shouts!
You slice the merfolk!! You kick the merfolk.
The merfolk is severely wounded.
The merfolk hits you but does no damage.
A harpy comes into view.
The faun shoots a stone.
The stone completely misses you.
The harpy screeches!
You slice the merfolk!! Lightning courses through the merfolk!!
You kill the merfolk!
You hit the harpy.
The harpy is no longer distracted by gold.
You kick the harpy.
The harpy is lightly wounded.
The harpy claws you but does no damage. You block the harpy's attack.
The faun is no longer distracted by gold.
The harpy becomes distracted by the nearby gold, dreaming of imaginary riches.
The faun shoots a stone.
You reflect the stone off your +0 kite shield of reflection {Donald}!
The stone hits the faun!
The faun shoots a sling bullet.
The sling bullet barely misses you.
There is a stone staircase leading up, spattered with blood here.
You see here 21 gold pieces.
You hit the harpy. Lightning courses through the harpy!
The harpy is no longer distracted by gold.
Your kick misses the harpy.
The harpy is heavily wounded.
The harpy claws you but does no damage. You block the harpy's attack.
The harpy claws you but does no damage. The harpy barely misses you.
The faun casts a spell at you. You resist with significant effort.
The faun becomes distracted by the nearby gold, dreaming of imaginary riches.
The faun shouts!
There are monsters nearby!
The harpy becomes distracted by the nearby gold, dreaming of imaginary riches.
The faun points at you and mumbles some strange words.
You resist with significant effort. You block the harpy's attack.
The harpy claws you but does no damage.
The harpy screeches!
You hit the harpy. Your kick misses the harpy.
The harpy is heavily wounded.
The harpy claws you but does no damage. You block the harpy's attack.
The faun shoots a stone.
The stone hits you.
The harpy becomes distracted by the nearby gold, dreaming of imaginary riches.
You slash the harpy!
The harpy is no longer distracted by gold.
The harpy is severely wounded.
The faun is no longer distracted by gold.
The harpy is no longer distracted by gold.
The harpy claws you but does no damage. The harpy claws you.
The harpy barely misses you. The harpy claws you but does no damage.
You slice the harpy!!
The harpy is severely wounded.
You block the harpy's attack. x3; The harpy barely misses you.
You slice the harpy!!
You kill the harpy!
The harpy closely misses you.
You riposte.
You hit the harpy but do no damage. You kick the harpy.
The harpy is severely wounded.
You block the harpy's attack.
The faun shoots a stone.
You reflect the stone off your +0 kite shield of reflection {Donald}!
The stone barely misses the faun.
The satyr shoots an arrow.
The arrow hits you! The merfolk closely misses you.
You hit the harpy but do no damage. Your kick misses the harpy.
The harpy is severely wounded.
The harpy claws you but does no damage. x2
The faun becomes distracted by the nearby gold, dreaming of imaginary riches.
The satyr shoots an arrow.
The arrow hits you but does no damage.
The faun becomes distracted by the nearby gold, dreaming of imaginary riches.
The harpy screeches!
The harpy becomes distracted by the nearby gold, dreaming of imaginary riches.
The merfolk completely misses you.
There is a stone staircase leading up here.
You see here 21 gold pieces.
The faun shouts! x2; The harpy screeches!
You hit the harpy but do no damage.
The harpy is no longer distracted by gold.
You kick the harpy!
The harpy is almost dead.
The harpy barely misses you. You block the harpy's attack.
You block the merfolk's attack.
The satyr plays a frightful melody on his pipes!
The satyr radiates an aura of fear!
You are terrified of the satyr!
You barely miss the harpy.
The harpy is almost dead.
The faun is no longer distracted by gold.
The harpy becomes distracted by the nearby gold, dreaming of imaginary riches.
The faun becomes distracted by the nearby gold, dreaming of imaginary riches.
The merfolk becomes distracted by the nearby gold, dreaming of imaginary riches.
The faun shouts!
The harpy screeches!
You slash the harpy! Lightning courses through the harpy!
You kill the harpy!
The satyr plays a lulling melody on his pipes!
You struggle to resist.
Your Shields skill increases to level 13!
The faun is no longer distracted by gold.
The satyr shoots an arrow.
You reflect the arrow off your +0 kite shield of reflection {Donald}!
The arrow hits the satyr!!
You climb upwards.
There is a stone staircase leading down here.
You are no longer glowing.
Key pressed, stopping explore.
HP restored.
Partly explored, can't reach some places.
Partly explored, can't reach some places.
Okay, then.
Unknown command.
You climb downwards.
The faun shoots a sling bullet.
You reflect the sling bullet off your +0 kite shield of reflection {Donald}!
The sling bullet hits the faun!
The faun shoots a stone.
The stone hits you but does no damage.
There is a stone staircase leading up here.
You see here 21 gold pieces.
The faun shoots a sling bullet.
You reflect the sling bullet off your +0 kite shield of reflection {Donald}!
The sling bullet closely misses the faun.
The faun gestures at you while chanting.
Your willpower is stripped away!
The faun unwields a +0 hunting sling.
The faun wields a +0 quarterstaff.
The faun closely misses you.
You slash the faun!
The faun is heavily wounded.
The satyr shoots an arrow.
The arrow hits you but does no damage. The faun hits you but does no damage.
The faun unwields a +0 hunting sling.
The faun wields a +0 club.
The faun hits you but does no damage.
You hit the faun. Your kick misses the faun.
The faun is heavily wounded.
The satyr shoots an arrow.
The arrow hits you!
The faun hits you with a +0 quarterstaff!
You slice the faun!! Lightning courses through the faun!
You kill the faun!
You block the faun's attack.
The satyr plays a frightful melody on his pipes!
The satyr radiates an aura of fear!
You are terrified of the satyr!
You closely miss the faun. You kick the faun!
The faun is lightly wounded.
The faun hits you but does no damage.
The satyr becomes distracted by the nearby gold, dreaming of imaginary riches.
You slash the faun! Lightning courses through the faun!
Your kick misses the faun.
The faun is heavily wounded.
The faun hits you with a +0 club.
You hit the faun. Lightning courses through the faun! You kick the faun.
The faun is almost dead.
The satyr is no longer distracted by gold.
The satyr shoots an arrow.
You reflect the arrow off your +0 kite shield of reflection {Donald}!
The arrow hits the satyr!
You closely miss the faun. You kick the faun, but do no damage.
The faun is almost dead.
The faun hits you but does no damage.
The satyr shoots an arrow.
You reflect the arrow off your +0 kite shield of reflection {Donald}!
The arrow hits the satyr!!
You slice the faun!! Lightning courses through the faun!
You kill the faun!
The satyr plays a lulling melody on his pipes!
You barely resist.
You cannot move closer to the satyr!
You cannot move closer to the satyr!
You cannot move closer to the satyr!
The satyr shoots an arrow.
The arrow closely misses you.
The satyr plays a lulling melody on his pipes!
You fall asleep.
The satyr shoots an arrow.
The arrow hits you.
You wake up.
There is a stone staircase leading up here.
You see here 21 gold pieces.
Unknown command.
Unknown command.
Unknown command.
Unknown command.
Unknown command.
Unknown command.
Unknown command.
Unknown command.
Unknown command.
Unknown command.
Unknown command.
There are monsters nearby!
There are monsters nearby!
There are monsters nearby!
There are monsters nearby!
There are monsters nearby!
A merfolk comes into view. It is wielding a +0 trident.
The satyr shoots an arrow.
The arrow completely misses you.
The merfolk moves out of view.
The satyr shoots an arrow.
The arrow barely misses you.
You feel your willpower return.
The satyr shoots an arrow.
The arrow hits you!! The merfolk completely misses you.
The merfolk closely misses you.
The merfolk hits you but does no damage.
The satyr shoots an arrow.
You reflect the arrow off your +0 kite shield of reflection {Donald}!
The arrow hits the satyr!!
The satyr shoots an arrow.
The arrow barely misses you.
The arrow hits the plant!!
The plant begins to die.
The merfolk closely misses you. The merfolk misses you.
The satyr shoots an arrow.
You reflect the arrow off your +0 kite shield of reflection {Donald}!
The arrow hits the satyr!
The merfolk completely misses you.
The satyr plays a lulling melody on his pipes!
You fall asleep.
The merfolk hits you from afar with a +0 trident!!
You wake up.
Unknown command.
Unknown command.
Unknown command.
Unknown command.
Unknown command.
Unknown command.
Unknown command.
Unknown command.
Unknown command.
An alligator snapping turtle comes into view.
The satyr shoots an arrow.
The arrow hits you but does no damage. The merfolk completely misses you.
The alligator snapping turtle hisses angrily.
A nearby plant withers and dies.
The satyr shoots an arrow.
The arrow closely misses you.
The arrow hits the plant!!
The plant begins to die.
You block the merfolk's attack.
The satyr shoots an arrow.
The arrow hits you but does no damage. The merfolk misses you.
The satyr shoots an arrow.
The arrow hits you! You block the merfolk's attack.
The satyr shoots an arrow.
You reflect the arrow off your +0 kite shield of reflection {Donald}!
The arrow barely misses the satyr.
The merfolk hits you but does no damage.
You block the merfolk's attack.
You slash the satyr! Lightning courses through the satyr!
You are no longer terrified.
You kill the satyr!
A nearby plant withers and dies.
The snapping turtle hisses angrily.
You block the merfolk's attack.
You climb upwards.
There is a stone staircase leading down here.
HP restored.
Partly explored, can't reach some places.
You climb downwards.
You block the alligator snapping turtle's attack.
There is a stone staircase leading up, spattered with blood here.
You see here 21 gold pieces.
You slice the alligator snapping turtle!!
You kick the alligator snapping turtle, but do no damage.
The alligator snapping turtle is moderately wounded.
You hear a shout!
The alligator snapping turtle bites you.
You slash the alligator snapping turtle!
The alligator snapping turtle is moderately wounded.
You hit the alligator snapping turtle but do no damage.
Lightning courses through the alligator snapping turtle!!
You kick the alligator snapping turtle, but do no damage.
The alligator snapping turtle is heavily wounded.
You block the snapping turtle's attack.
The merfolk javelineer hits the plant with a +5 spear of flaming!
The plant begins to die.
The merfolk javelineer burns the plant.
The alligator snapping turtle bites you but does no damage.
You completely miss the alligator snapping turtle.
Your kick misses the alligator snapping turtle.
The alligator snapping turtle is heavily wounded.
The snapping turtle misses you.
The merfolk javelineer hits the plant with a +5 spear of flaming.
The plant begins to die.
The merfolk javelineer burns the plant.
You slash the alligator snapping turtle!
The alligator snapping turtle is heavily wounded.
The alligator snapping turtle bites you!
You block the snapping turtle's attack.
The merfolk javelineer hits the plant with a +5 spear of flaming!
The merfolk javelineer burns the plant.
You hit the alligator snapping turtle.
You kick the alligator snapping turtle, but do no damage.
The alligator snapping turtle is heavily wounded.
The alligator snapping turtle closely misses you.
You slash the alligator snapping turtle!
Lightning courses through the alligator snapping turtle!
You kick the alligator snapping turtle, but do no damage.
The alligator snapping turtle is severely wounded.
The merfolk javelineer hits the plant with a +5 spear of flaming!
The merfolk javelineer burns the plant.
The snapping turtle bites you from afar!
The merfolk throws a boomerang.
You reflect the boomerang off your +0 kite shield of reflection {Donald}!
The boomerang closely misses the merfolk.
You slash the alligator snapping turtle!
You kick the alligator snapping turtle, but do no damage.
The alligator snapping turtle is severely wounded.
A nearby plant withers and dies.
The alligator snapping turtle closely misses you.
The merfolk javelineer hits the plant with a +5 spear of flaming!
The plant begins to die.
The merfolk javelineer burns the plant.
You block the snapping turtle's attack.
You slash the alligator snapping turtle!
The alligator snapping turtle is almost dead.
A satyr comes into view. It is wielding a +0 spear.
The alligator snapping turtle bites you!
The satyr shouts!
You slice the alligator snapping turtle!!
Lightning courses through the alligator snapping turtle!
You kill the alligator snapping turtle!
A nearby plant withers and dies.
The snapping turtle barely misses you.
The satyr unwields a +0 spear.
The satyr wields a +0 fustibalus.
The satyr shoots a sling bullet.
The sling bullet hits you.
The snapping turtle bites you from afar.
The satyr shoots a sling bullet.
You reflect the sling bullet off your +0 kite shield of reflection {Donald}!
The sling bullet hits the satyr!!
You climb upwards.
There is a stone staircase leading down here.
HP restored.
Partly explored, can't reach some places.
Unknown command.
Unknown command.
You climb downwards.
The snapping turtle closely misses you.
You riposte.
The merfolk shouts!
You hit the snapping turtle.
The snapping turtle is lightly wounded.
The satyr shoots a sling bullet.
You reflect the sling bullet off your +0 kite shield of reflection {Donald}!
The sling bullet hits the satyr!!
The merfolk javelineer throws a silver javelin.
The silver javelin pierces through you! The silver sears you!
The snapping turtle bites you but does no damage.
There is a stone staircase leading up, spattered with blood here.
You see here 21 gold pieces.
The satyr plays a lulling melody on his pipes!
You struggle to resist.
The merfolk barely misses you.
The merfolk javelineer throws a silver javelin.
The silver javelin pierces through you. The silver sears you!
The snapping turtle bites you!
You climb upwards.
There is a stone staircase leading down here.
You hit the snapping turtle but do no damage.
You kick the snapping turtle.
The snapping turtle is lightly wounded.
You slash the snapping turtle!
Lightning courses through the snapping turtle!
You kick the snapping turtle!
The snapping turtle is severely wounded.
The snapping turtle bites you!
You are too injured to fight recklessly!
You are too injured to fight recklessly!
You are too injured to fight recklessly!
You are too injured to fight recklessly!
You are too injured to fight recklessly!
You are too injured to fight recklessly!
You are too injured to fight recklessly!
You are too injured to fight recklessly!
You are too injured to fight recklessly!
You are too injured to fight recklessly!
You are too injured to fight recklessly!
You are too injured to fight recklessly!
You are too injured to fight recklessly!
You slash the snapping turtle!
The snapping turtle is almost dead.
The snapping turtle bites you but does no damage.
You slash the snapping turtle!
The snapping turtle is almost dead.
The snapping turtle bites you but does no damage.
You slash the snapping turtle!
Lightning courses through the snapping turtle!
You kill the snapping turtle!
You now have 8745 gold pieces (gained 5).
You see here 4 large rocks.
There is a stone staircase leading down, spattered with blood here.
You start resting.
HP restored.
Unknown command.
You climb downwards.
A snapping turtle and a faun come into view.
The faun shouts!
The snapping turtle hisses angrily.
The merfolk throws a boomerang.
You reflect the boomerang off your +0 kite shield of reflection {Donald}!
The boomerang hits the merfolk.
There is a stone staircase leading up, spattered with blood here.
You see here 21 gold pieces.
You hit the snapping turtle but do no damage.
You kick the snapping turtle!
The snapping turtle is lightly wounded.
You block the snapping turtle's attack.
The satyr shoots a sling bullet.
The sling bullet hits you!! You block the snapping turtle's attack.
The merfolk javelineer throws a silver javelin.
The silver javelin pierces through you. The silver sears you!
The silver javelin pierces through the snapping turtle!
There is a stone staircase leading up, spattered with blood here.
You see here 21 gold pieces.
You block the merfolk's attack.
The merfolk javelineer throws a silver javelin.
The silver javelin closely misses you.
The silver javelin pierces through the snapping turtle!!
The satyr plays a frightful melody on his pipes!
The satyr radiates an aura of fear!
You resist with some effort.
The merfolk hits you but does no damage.
The merfolk javelineer throws a silver javelin.
The silver javelin pierces through you but does no damage.
The silver sears you!
The silver javelin pierces through the snapping turtle!
The snapping turtle dies!
There is a stone staircase leading up, spattered with blood here.
You see here 21 gold pieces.
The merfolk hits you but does no damage.
The satyr plays a frightful melody on his pipes!
The satyr radiates an aura of fear!
You are terrified of the satyr!
The merfolk completely misses you.
The merfolk javelineer throws a silver javelin.
The silver javelin pierces through you but does no damage.
The silver sears you!
The merfolk throws a boomerang.
The boomerang hits you but does no damage.
You climb upwards.
There is a stone staircase leading down, spattered with blood here.
A merfolk is nearby!
A merfolk is nearby!
You slash the merfolk! You kick the merfolk.
The merfolk is moderately wounded.
You block the merfolk's attack.
You hit the merfolk. Lightning courses through the merfolk!
You kick the merfolk!
The merfolk is severely wounded.
You closely miss the merfolk.
The merfolk is severely wounded.
The merfolk hits you with a +0 trident!
You closely miss the merfolk. You kick the merfolk!
The merfolk is almost dead.
You block the merfolk's attack.
You slash the merfolk! Lightning courses through the merfolk!!
You kill the merfolk!
You start resting.
HP restored.
You now have 8749 gold pieces (gained 4).
Things that are here:
a +0 trident; 7 boomerangs; 4 large rocks
There is a stone staircase leading down, spattered with blood here.
You climb downwards.
The satyr plays a rousing melody on his pipes!
The faun goes into a battle-frenzy!
The merfolk javelineer throws a silver javelin.
The silver javelin barely misses you. You block the faun's attack.
A merfolk impaler comes into view.
It is wielding a +3 trident of distortion.
The satyr shoots a sling bullet.
You reflect the sling bullet off your +0 kite shield of reflection {Donald}!
The sling bullet hits the satyr!!
There is a stone staircase leading up, spattered with blood here.
You see here 21 gold pieces.
Unknown command.
Unknown command.
Unknown command.
Unknown command.
The merfolk impaler shouts!
The merfolk javelineer throws a silver javelin.
The silver javelin pierces through you! The silver sears you!
You block the faun's attack.
The satyr plays a frightful melody on his pipes!
The satyr radiates an aura of fear!
You are terrified of the satyr!
You climb upwards.
There is a stone staircase leading down, spattered with blood here.
You hit the faun. You kick the faun.
The faun is lightly wounded.
The faun hits you but does no damage.
You slice the faun!! Lightning courses through the faun! You kick the faun.
The faun is almost dead.
The faun casts a spell at you.
Your willpower is stripped away!
You slice the faun!!
You kill the faun!
You now have 8756 gold pieces (gained 7).
Items here: ((( ))).
There is a stone staircase leading down, spattered with blood here.
You start resting.
HP restored.
You start waiting.
You feel your willpower return.
Unknown command.
You climb downwards.
The merfolk javelineer throws a silver javelin.
The silver javelin closely misses you.
The satyr shoots a sling bullet.
The sling bullet hits you!
The merfolk throws a boomerang.
You reflect the boomerang off your +0 kite shield of reflection {Donald}!
The boomerang hits the merfolk but does no damage.
The merfolk javelineer throws a silver javelin.
The silver javelin pierces through you but does no damage.
The silver sears you!
There is a stone staircase leading up, spattered with blood here.
You see here 21 gold pieces.
Aiming: Mindburst
Press: ? - help, Shift-Dir - straight line, f - merfolk javelineer
Aim: a merfolk javelineer, wielding a +5 spear of flaming, wearing a +0 leather armour and quivering silver javelins (chance to affect: 61%)
The merfolk javelineer's mind is blasted!
The merfolk impaler hits the plant with a +3 trident of distortion!!
The plant begins to die.
Space bends around the plant.
The satyr shoots a sling bullet.
The sling bullet hits you but does no damage.
The merfolk impaler hits the plant with a +3 trident of distortion!
The plant begins to die.
Space bends around the plant.
The merfolk javelineer throws a silver javelin.
The silver javelin closely misses you.
The merfolk throws a boomerang.
You reflect the boomerang off your +0 kite shield of reflection {Donald}!
The boomerang hits the merfolk!
Aiming: Mindburst
Press: ? - help, Shift-Dir - straight line, f/p - merfolk javelineer
Aim: a merfolk javelineer, wielding a +5 spear of flaming, wearing a +0 leather armour and quivering silver javelins (moderately wounded, chance to affect: 61%)
The merfolk javelineer resists with significant effort.
The satyr shoots a sling bullet.
You reflect the sling bullet off your +0 kite shield of reflection {Donald}!
The sling bullet hits the satyr!!
The merfolk impaler hits the plant with a +3 trident of distortion.
The plant begins to die.
Space warps horribly around the plant!
The merfolk javelineer throws a silver javelin.
The silver javelin pierces through you! The silver sears you!
The merfolk impaler hits the plant with a +3 trident of distortion!
Space bends around the plant.
Unknown command.
Unknown command.
Unknown command.
Unknown command.
Aiming: Mindburst
Press: ? - help, Shift-Dir - straight line, f/p - merfolk javelineer
Aim: a merfolk javelineer, wielding a +5 spear of flaming, wearing a +0 leather armour and quivering silver javelins (moderately wounded, chance to affect: 61%)
The merfolk javelineer resists with significant effort.
The satyr shoots a sling bullet.
The sling bullet closely misses you.
The sling bullet hits the plant!!!
The plant begins to die.
The merfolk impaler hits the plant with a +3 trident of distortion!!
The plant begins to die.
Space bends around the plant.
The merfolk javelineer throws a silver javelin.
The silver javelin pierces through you but does no damage.
The silver sears you!
The merfolk hits you but does no damage.
Unknown command.
Unknown command.
Unknown command.
Unknown command.
Aiming: Mindburst
Press: ? - help, Shift-Dir - straight line, f/p - merfolk javelineer
Aim: a merfolk javelineer, wielding a +5 spear of flaming, wearing a +0 leather armour and quivering silver javelins (lightly wounded, chance to affect: 61%)
The merfolk javelineer resists with significant effort.
A nearby plant withers and dies.
The satyr plays a frightful melody on his pipes!
The satyr radiates an aura of fear!
You are terrified of the satyr!
The merfolk javelineer throws a silver javelin.
The silver javelin pierces through you!!
The silver sears you!
The merfolk hits you from afar with a +0 trident!!
* * * LOW HITPOINT WARNING * * *
The satyr shoots a sling bullet.
You reflect the sling bullet off your +0 kite shield of reflection {Donald}!
The sling bullet closely misses the satyr.
The merfolk javelineer throws a silver javelin.
The silver javelin pierces through you!
* * * LOW HITPOINT WARNING * * *
The silver sears you!
* * * LOW HITPOINT WARNING * * *
The merfolk hits you from afar with a +0 trident.
* * * LOW HITPOINT WARNING * * *
You climb upwards.
There is a stone staircase leading down, spattered with blood here.
You start resting.
HP restored.
You climb downwards.
The satyr shoots a sling bullet.
The sling bullet hits you!!
The merfolk javelineer throws a silver javelin.
The silver javelin pierces through you. The silver sears you!
The satyr shoots a sling bullet.
The sling bullet barely misses you.
There is a stone staircase leading up, spattered with blood here.
You see here 21 gold pieces.
Aiming: Paralyse
Press: ? - help, Shift-Dir - straight line, f - merfolk javelineer
Aim: a merfolk javelineer, wielding a +5 spear of flaming, wearing a +0 leather armour and quivering silver javelins (chance to affect: 34%)
Okay, then.
Unknown command.
Aiming: Random Effects
Press: ? - help, Shift-Dir - straight line, f - merfolk javelineer
Aim: a merfolk javelineer, wielding a +5 spear of flaming, wearing a +0 leather armour and quivering silver javelins The merfolk javelineer twists and deforms.
The merfolk javelineer throws a silver javelin.
The silver javelin pierces through you! The silver sears you!
The satyr plays a frightful melody on his pipes!
The satyr radiates an aura of fear!
You are terrified of the satyr!
The merfolk javelineer throws a silver javelin.
The silver javelin closely misses you.
The satyr shoots a sling bullet.
The sling bullet hits you! The merfolk impaler closely misses you.
You climb upwards.
There is a stone staircase leading down, spattered with blood here.
HP restored.
Partly explored, can't reach some places.
You climb downwards.
The harpy screeches!
The merfolk javelineer throws a silver javelin.
The silver javelin barely misses you. The merfolk impaler misses you.
The satyr shoots a sling bullet.
You reflect the sling bullet off your +0 kite shield of reflection {Donald}!
The sling bullet hits the satyr!!
The merfolk impaler hits you from afar with a +3 trident of distortion!
Space warps horribly around you!!
The merfolk javelineer throws a silver javelin.
The silver javelin pierces through you but does no damage.
The silver sears you!
There is a stone staircase leading up, spattered with blood here.
You see here 21 gold pieces.
Aiming: Paralyse
Press: ? - help, Shift-Dir - straight line, f - merfolk javelineer
Aim: a merfolk javelineer, wielding a +5 spear of flaming, wearing a +0 leather armour and quivering silver javelins (chance to affect: 34%)
Okay, then.
Unknown command.
Aiming: Random Effects
Press: ? - help, Shift-Dir - straight line, f - merfolk javelineer
Aim: a merfolk javelineer, wielding a +5 spear of flaming, wearing a +0 leather armour and quivering silver javelins The merfolk javelineer resists with some effort.
The merfolk impaler barely misses you.
The satyr shoots a sling bullet.
You reflect the sling bullet off your +0 kite shield of reflection {Donald}!
The sling bullet hits the satyr!!!
The harpy closely misses you. The harpy completely misses you.
The merfolk impaler barely misses you.
The merfolk javelineer throws a silver javelin.
The silver javelin misses you.
The harpy screeches!
You block the harpy's attack. x2; The satyr shoots a sling bullet.
You reflect the sling bullet off your +0 kite shield of reflection {Donald}!
The sling bullet hits the satyr!!
You kill the satyr!
The merfolk impaler hits you but does no damage.
You blink.
Splash!
You fall into the shallow water.
Moving in this stuff is going to be slow.
The merfolk javelineer throws a silver javelin.
The silver javelin pierces through you! The silver sears you!
You can't go up here!
Press: ? - help, v - describe, . - travel
Here: a harpy The floor.
Unknown command.
Unknown command.
Unknown command.
Unknown command.
Unknown command.
Unknown command.
Unknown command.
Unknown command.
Aiming: Paralyse
Press: ? - help, Shift-Dir - straight line, f - merfolk impaler, p - merfolk javelineer
Aim: a merfolk impaler, wielding a +3 trident of distortion and wearing a +0 robe (chance to affect: 51%)
The merfolk impaler suddenly stops moving!
The merfolk javelineer throws a silver javelin.
The silver javelin pierces through you!
* * * LOW HITPOINT WARNING * * *
The silver sears you!
* * * LOW HITPOINT WARNING * * *
You feel very buoyant.
You fly up into the air.
The merfolk javelineer throws a silver javelin.
The silver javelin pierces through you.
* * * LOW HITPOINT WARNING * * *
The silver sears you!
* * * LOW HITPOINT WARNING * * *
[a] - 364 gold - resistance and might [b] - 168 gold - might and brilliance [c] - 324 gold - invisibility and might Purchase which effect?
You feel very mighty all of a sudden.
You feel clever all of a sudden.
The harpy claws you but does no damage. x2
The merfolk javelineer throws a silver javelin.
The silver javelin pierces through you!
* * * LOW HITPOINT WARNING * * *
The silver sears you!
* * * LOW HITPOINT WARNING * * *
You feel much better.
The harpy becomes distracted by the nearby gold, dreaming of imaginary riches.
A water elemental comes into view.
The merfolk javelineer becomes distracted by the nearby gold, dreaming of imaginary riches.
The merfolk shouts!
The harpy is no longer distracted by gold.
You block the harpy's attack. The harpy misses you. The harpy claws you!
* * * LOW HITPOINT WARNING * * *
You block the harpy's attack.
The merfolk javelineer is no longer distracted by gold.
You block the harpy's attack. The harpy closely misses you.
The merfolk javelineer throws a silver javelin.
The silver javelin pierces through you!
* * * LOW HITPOINT WARNING * * *
The silver sears you!
* * * LOW HITPOINT WARNING * * *
The silver javelin pierces through the plant!!
The plant begins to die.
You feel much better. The harpy claws you but does no damage.
The harpy completely misses you.
The merfolk javelineer hits you but does no damage.
You block the merfolk's attack.
Okay, then.
Unknown command. [a] - 286 gold - curing and magic [b] - 572 gold - brilliance, magic and haste [c] - 875 gold - curing, magic, resistance, might and haste Purchase which effect?
You feel better. Magic courses through your body. The harpy barely misses you.
The harpy claws you.
* * * LOW HITPOINT WARNING * * *
The merfolk javelineer hits you with a +5 spear of flaming!
* * * LOW HITPOINT WARNING * * *
The merfolk becomes distracted by the nearby gold, dreaming of imaginary riches.
You block the merfolk's attack.
Clouds of poison gas condense around you!
The condenser dries out!
The merfolk shouts!
The harpy screeches!
The merfolk shouts!
The merfolk is no longer distracted by gold.
The harpy claws you but does no damage. You block the harpy's attack.
The merfolk javelineer is engulfed in poison gas.
The merfolk javelineer is poisoned.
The merfolk javelineer throws a silver javelin.
The silver javelin pierces through you but does no damage.
The silver sears you!
* * * LOW HITPOINT WARNING * * *
The silver javelin pierces through the plant!!!
The merfolk is engulfed in poison gas.
The merfolk is poisoned.
The merfolk becomes distracted by your gold, dreaming of imaginary riches.
The merfolk impaler is engulfed in poison gas.
The merfolk impaler is poisoned.
The merfolk is poisoned.
The water elemental hits you.
The water elemental engulfs you in water!
The merfolk is engulfed in poison gas.
The merfolk looks even sicker.
The merfolk impaler is engulfed in poison gas.
The merfolk impaler looks even sicker.
The merfolk is engulfed in poison gas.
The merfolk is poisoned.
The merfolk misses you.
You feel much better.
Your lungs strain for air!
The merfolk shouts!
The merfolk is no longer distracted by gold.
The harpy claws you! You block the harpy's attack.
The merfolk is engulfed in poison gas.
The merfolk is poisoned.
The merfolk javelineer is engulfed in poison gas.
The merfolk javelineer looks even sicker.
The merfolk javelineer throws a silver javelin.
The silver javelin pierces through you!
* * * LOW HITPOINT WARNING * * *
The silver sears you!
* * * LOW HITPOINT WARNING * * *
The silver javelin pierces through the plant!!
The merfolk is engulfed in poison gas.
The merfolk looks even sicker.
You block the merfolk's attack.
The merfolk is engulfed in poison gas.
The merfolk looks even sicker.
The merfolk impaler is engulfed in poison gas.
The merfolk impaler looks even sicker.
The water elemental hits you.
* * * LOW HITPOINT WARNING * * *
The merfolk is engulfed in poison gas.
The merfolk looks even sicker.
The merfolk looks as sick as possible!
The merfolk impaler is engulfed in poison gas.
The merfolk impaler looks as sick as possible!
The merfolk is engulfed in poison gas.
The merfolk looks even sicker.
You block the merfolk's attack. The harpy claws you but does no damage.
The harpy barely misses you.
Okay, then.
You cannot read scrolls while unable to breathe!
Okay, then.
You cannot call out to Gozag while unable to breathe.
Okay, then.
Okay, then.
Okay, then.
You feel better.
* * * LOW HITPOINT WARNING * * *
Your lungs strain for air!
The harpy screeches!
A nearby plant withers and dies.
You block the harpy's attack. x2
The merfolk javelineer is engulfed in poison gas.
The merfolk javelineer looks even sicker.
The merfolk javelineer throws a silver javelin.
The silver javelin pierces through you.
* * * LOW HITPOINT WARNING * * *
The silver sears you!
* * * LOW HITPOINT WARNING * * *
The water elemental hits you.
The merfolk is engulfed in poison gas.
The merfolk looks even sicker. x2; You block the merfolk's attack.
The merfolk is engulfed in poison gas.
The merfolk looks as sick as possible!
The merfolk impaler is engulfed in poison gas.
The merfolk impaler looks as sick as possible!
You block the water elemental's attack.
The merfolk is engulfed in poison gas.
The merfolk looks as sick as possible! x2
The merfolk is engulfed in poison gas.
The merfolk looks even sicker.
The merfolk hits you from afar with a +0 trident!
* * * LOW HITPOINT WARNING * * *
Okay, then.
Aiming: Corrosive Bolt
Press: ? - help, Shift-Dir - straight line, f/p - merfolk impaler
Aim: a merfolk impaler, wielding a +3 trident of distortion and wearing a +0 robe (poison gas, heavily wounded, paralysed, extremely poisoned, 0% to evade)
Okay, then.
Unknown command.
Okay, then.
Okay, then.
Unknown command.
Aiming: Paralyse
Press: ? - help, Shift-Dir - straight line, f - merfolk javelineer, p - merfolk impaler
Aim: a merfolk javelineer, wielding a +5 spear of flaming, wearing a +0 leather armour and quivering silver javelins (poison gas, lightly wounded, very poisoned, chance to affect: 34%)
The merfolk javelineer easily resists.
The now-empty wand crumbles to dust.
* * * LOW HITPOINT WARNING * * *
Your lungs strain for air!
The harpy claws you.
* * * LOW HITPOINT WARNING * * *
The harpy claws you but does no damage.
The merfolk javelineer is engulfed in poison gas.
The merfolk javelineer looks as sick as possible!
The merfolk javelineer throws a silver javelin.
The silver javelin pierces through you.
* * * LOW HITPOINT WARNING * * *
The silver sears you!
* * * LOW HITPOINT WARNING * * *
The water elemental hits you.
* * * LOW HITPOINT WARNING * * *
The merfolk impaler is engulfed in poison gas.
The merfolk impaler looks as sick as possible!
The merfolk is engulfed in poison gas.
The merfolk looks as sick as possible!
The merfolk hits you from afar with a +0 trident!
* * * LOW HITPOINT WARNING * * *
The merfolk is engulfed in poison gas.
The merfolk looks as sick as possible!
The merfolk is engulfed in poison gas.
The merfolk looks as sick as possible!
You block the water elemental's attack.
The merfolk impaler is engulfed in poison gas.
The merfolk impaler looks as sick as possible!
The merfolk is engulfed in poison gas.
The merfolk looks as sick as possible!
The merfolk hits you but does no damage.
You feel better.
* * * LOW HITPOINT WARNING * * *
Your lungs strain for air!
The harpy closely misses you. You block the harpy's attack.
The merfolk is engulfed in poison gas.
The merfolk looks as sick as possible!
The merfolk barely misses you.
The merfolk javelineer is engulfed in poison gas.
The merfolk javelineer looks as sick as possible!
The merfolk javelineer throws a silver javelin.
The silver javelin barely misses you.
The silver javelin pierces through the harpy!
The water elemental hits you!
* * * LOW HITPOINT WARNING * * *
The merfolk is engulfed in poison gas.
The merfolk looks as sick as possible!
The merfolk completely misses you.
The merfolk is engulfed in poison gas.
The merfolk looks as sick as possible!
The merfolk hits you from afar with a +0 trident.
You die...
Your body crumbles into a pile of gold.

.....≈.....P#PP..P
..........≈≈#..... .#
...PP≈≈...##.≈...P. ...
#.P≈≈≈...≈...|....
≈≈..##.≈PP≈...P.....#
≈≈≈...≈≈§§P§........#
≈≈≈≈..§§H§m§(P....PP#P.
≈≈≈≈≈≈§mE@§§$.##...##P.
≈≈≈≈≈≈§mE§mm§§....PP...
≈≈§§§§§≈≈§m§§§(......$.
≈≈§§§§§≈≈P§§§§$........
≈≈§§§§§≈≈≈....$........
≈≈≈≈≈≈≈≈≈≈P......$.....
≈≈≈≈≈≈≈≈≈≈../..........
≈≈≈≈≈≈≈≈≈≈......$......
≈≈≈≈≈≈≈≈≈.............


You could see a merfolk impaler (paralysed, extremely poisoned), a merfolk
javelineer (extremely poisoned), 4 merfolk, 2 water elementals and a harpy.

Vanquished Creatures
  Arachne (Spider:2)
  A kraken (Shoals:1)
  Frances (Shoals:1)
  Agnes (Spider:3)
  Donald (Spider:1)
  Ilsuiw (Shoals:3)
  An orc warlord (Orc:2)
  2 ghost moths
  2 emperor scorpions
  Aizul (Spider:1)
  4 entropy weavers
  Azrael (D:15)
  A dire elephant (Lair:6)
  Snorg (Lair:6)
  4 merfolk javelineers
  7 merfolk impalers
  5 vault guards (D:13)
  Fannar (Lair:1)
  A catoblepas (D:15)
  6 boulder beetles
  8 hydras
  An ogre mage (D:13)
  4 centaur warriors
  2 alligator snapping turtles
  4 merfolk avatars
  3 satyrs
  6 death yaks
  2 two-headed ogres
  Urug (Lair:4)
  2 orc high priests (Orc:2)
  Sonja (D:10)
  2 fire crabs (Lair:6)
  8 sea snakes
  An orc knight (D:11)
  3 wizards (D:14)
  22 harpies
  7 deep elf pyromancers
  2 deep elf zephyrmancers (D:14)
  7 orc sorcerers
  25 wolf spiders
  2 oklob plants (Shoals:3)
  18 orb spiders
  14 ugly things
  8 cyclopes
  12 manticores
  11 fauns
  5 elephants (Lair:3)
  3 water nymphs
  3 moths of wrath
  9 merfolk sirens
  6 gargoyles
  3 torpor snails
  4 black mambas
  11 cane toads
  An efreet (D:13)
  3 rime drakes (Lair:6)
  A rime drake (shapeshifter) (D:14)
  17 komodo dragons
  43 jumping spiders
  5 demonic crawlers
  A tengu conjurer (D:11)
  17 merfolk
  8 trolls
  5 polar bears
  5 wind drakes
  6 hornets
  22 blink frogs
  7 snapping turtles
  14 slime creatures
  4 dream sheep
  A centaur simulacrum (D:11)
  45 redbacks
  2 vampires (D:13)
  5 wraiths
  23 tarantellas
  6 wyverns
  A shadow (D:10)
  35 yaks
  A steam dragon (D:8)
  Grum (Lair:1)
  6 basilisks
  6 fire elementals (D:15)
  14 vampire mosquitoes
  A two-headed ogre zombie (D:10)
  5 acid dragons
  2 hell hounds (D:15)
  13 water moccasins
  3 wargs (Orc:2)
  24 orc warriors
  A floating eye (Lair:3)
  An ice beast (D:7)
  9 ogres
  A sky beast (D:7)
  A hornet zombie (D:8)
  3 black bears
  2 necrophages
  15 wolves
  5 boggarts (D:14)
  13 centaurs
  2 phantoms (D:10)
  3 kobold brigands
  An elf zombie (D:9)
  3 bullfrogs
  2 gnoll sergeants
  An elf skeleton (D:9)
  3 scorpions
  6 killer bees (D:9)
  4 troll zombies (D:10)
  6 wights
  A troll skeleton (D:9)
  2 electric eels (D:10)
  7 centaur zombies
  12 jellies
  A centaur skeleton (D:7)
  2 human zombies (D:9)
  21 orc priests
  A gnoll shaman (D:8)
  2 hounds
  8 iguanas
  21 orc wizards
  3 ogre zombies (D:10)
  2 mummies (D:9)
  2 howler monkey zombies
  15 gnolls
  8 adders
  A howler monkey skeleton (D:5)
  A river rat (D:6)
  A shadow imp (D:7)
  A worm (D:2)
  2 dart slugs
  88 orcs
  7 ball pythons
  6 bats
  12 endoplasms
  3 giant cockroaches
  10 goblins
  7 hobgoblins
  2 quokkas
  7 frilled lizards
  2 goblin skeletons (D:10)
  3 goblin zombies (D:10)
  A hobgoblin skeleton (D:10)
  3 hobgoblin zombies (D:10)
  21 kobolds
  5 orc skeletons (D:10)
  11 orc zombies (D:10)
  10 rats
  A lurking horror (Spider:2)
  4 tentacles (Shoals:1)
1015 creatures vanquished.

Vanquished Creatures (collateral kills)
  Jorgrun (Spider:2)
  An ice dragon (D:15)
  A tarantella (Spider:1)
3 creatures vanquished.

Vanquished Creatures (others)
  A fire dragon (D:15)
  A wizard (D:13)
  3 wolf spiders
  A hornet (Spider:1)
  A snapping turtle (Shoals:4)
  A redback (Spider:1)
  A tarantella (Spider:1)
  An orc wizard (Orc:2)
  A bush (Lair:6)
  25 fungi
  A lurking horror (Spider:2)
  301 plants
  9 tentacles (Shoals:1)
347 creatures vanquished.

Grand Total: 1365 creatures vanquished

Notes
Turn   | Place    | Note
-------+----------+-------------------------------------------
     0 | D:1      | sleeves the Demonspawn Fighter began the quest for the Orb.
     0 | D:1      | Reached XP level 1. HP: 18/18 MP: 1/1
    60 | D:1      | Reached skill level 2 in Long Blades
   158 | D:1      | Gained mutation: You regenerate a little health from kills.
                  | [demonic ancestry]
   158 | D:1      | Reached XP level 2. HP: 24/24 MP: 2/2
   443 | D:1      | Reached skill level 3 in Long Blades
   516 | D:1      | Reached XP level 3. HP: 23/29 MP: 3/3
   926 | D:2      | Found a hazy altar of Hepliaklqana.
   926 | D:2      | Found a blossoming altar of Fedhas.
   928 | D:2      | Found a shimmering altar of Xom.
   929 | D:2      | Found a hide-covered altar of Uskayaw.
   984 | D:2      | Gained mutation: You have large cloven feet. [demonic
                  | ancestry]
   984 | D:2      | Reached XP level 4. HP: 35/35 MP: 4/4
  1037 | D:2      | Reached skill level 4 in Long Blades
  1295 | D:2      | Found a shadowy altar of Dithmenos.
  2237 | D:2      | HP: 17/35 [orc/+0 flail (6)]
  2423 | D:3      | Noticed an ogre
  2569 | D:3      | Found a runed translucent door.
  2570 | D:3      | Noticed mojowtm's ghost (weakling DECj)
  2975 | D:3      | Found a runed translucent door.
  3417 | D:4      | Reached skill level 5 in Long Blades
  3417 | D:4      | Gained mutation: You are partially covered in iridescent
                  | scales. (AC +2) [demonic ancestry]
  3417 | D:4      | Reached XP level 5. HP: 41/41 MP: 5/5
  3678 | D:4      | Found a staircase to the Ecumenical Temple.
  3694 | Temple   | Entered the Ecumenical Temple
  3935 | Temple   | Became a worshipper of Gozag Ym Sagoz the Greedy
  4409 | D:4      | Noticed an ogre
  4419 | D:4      | Killed an ogre
  4420 | D:4      | Reached skill level 3 in Shields
  4730 | D:4      | Gained mutation: You are mostly covered in iridescent
                  | scales. (AC +4) [demonic ancestry]
  4730 | D:4      | Reached XP level 6. HP: 27/47 MP: 6/6
  4968 | D:5      | Entered Level 5 of the Dungeon
  5046 | D:5      | Found a sparkling altar of Nemelex Xobeh.
  5250 | D:5      | HP: 20/47 [orc wizard/magic dart (7)]
  5647 | D:5      | Reached skill level 4 in Shields
  5735 | D:5      | Reached skill level 6 in Long Blades
  5796 | D:5      | HP: 17/47 [iguana (9)]
  6110 | D:5      | Reached XP level 7. HP: 50/52 MP: 7/7
  6116 | D:5      | HP: 22/52 [orc priest/+0 war axe (7)]
  6657 | D:5      | Found a stormy altar of Qazlal.
  7281 | D:6      | Found a radiant altar of Vehumet.
  7318 | D:6      | Reached skill level 7 in Long Blades
  7667 | D:6      | Found a shimmering blue altar of Sif Muna.
  7793 | D:6      | Found a glowing drain.
  8365 | D:7      | Reached skill level 8 in Long Blades
  8413 | D:7      | Reached XP level 8. HP: 51/58 MP: 8/8
  8505 | D:7      | Found an iron altar of Okawaru.
  8560 | D:7      | Identified the Collected Works on Companions and Earth
  8674 | D:7      | Reached skill level 3 in Armour
  8980 | D:7      | HP: 23/58 [orc priest/divine providence (11)]
  9833 | D:8      | Reached skill level 9 in Long Blades
  9833 | D:8      | Reached skill level 4 in Armour
  9997 | D:8      | HP: 24/58 [steam dragon/ball of steam (22)]
  9999 | D:8      | Reached skill level 5 in Armour
  9999 | D:8      | Gained mutation: You regenerate health from kills. [demonic
                  | ancestry]
  9999 | D:8      | Reached XP level 9. HP: 27/63 MP: 9/9
 10205 | D:8      | Found a snail-covered altar of Cheibriados.
 10254 | D:8      | Found a staircase to the Lair.
 10613 | D:7      | HP: 18/63 [orc warrior/+1 battleaxe of freezing (16)]
 11503 | D:9      | Reached skill level 10 in Long Blades
 11520 | D:9      | Reached skill level 6 in Armour
 11607 | D:9      | HP: 29/63 [killer bee (5)]
 11620 | D:9      | HP: 28/63 [gnoll sergeant/+0 trident (8)]
 11643 | D:8      | HP: 31/63 [gnoll/+0 whip (1)]
 11943 | D:9      | Found a transporter.
 12288 | D:9      | Noticed a troll
 12290 | D:9      | Found a transporter.
 12294 | D:9      | Killed a troll
 12295 | D:9      | Reached skill level 7 in Armour
 12629 | D:9      | Found an ancient bone altar of Kikubaaqudgha.
 12676 | D:9      | Gained mutation: You have hoof-like feet. [demonic
                  | ancestry]
 12676 | D:9      | Reached XP level 10. HP: 70/70 MP: 10/10
 12878 | D:10     | Entered Level 10 of the Dungeon
 12885 | D:10     | Noticed Sonja
 12885 | D:10     | Noticed a two-headed ogre
 12893 | D:10     | Killed Sonja
 12894 | D:10     | Reached skill level 11 in Long Blades
 12894 | D:10     | Reached skill level 8 in Armour
 12902 | D:9      | HP: 32/70 [two-headed ogre/+0 giant spiked club (19)]
 13205 | D:10     | Noticed a gargoyle
 13242 | D:9      | HP: 27/70 [two-headed ogre/+0 giant spiked club (14)]
 13243 | D:9      | HP: 9/70 [two-headed ogre/+0 giant spiked club (19)]
 13244 | D:9      | HP: 2/70 [two-headed ogre/+0 giant spiked club (7)]
 13245 | D:9      | Killed a two-headed ogre
 13246 | D:9      | Reached skill level 1 in Dodging
 13246 | D:9      | Reached skill level 1 in Evocations
 13689 | Lair:1   | Entered Level 1 of the Lair of Beasts
 13742 | Lair:1   | Reached skill level 2 in Evocations
 13771 | Lair:1   | Noticed Fannar
 13807 | Lair:1   | Killed Fannar
 13808 | Lair:1   | Reached skill level 4 in Fighting
 13808 | Lair:1   | Reached skill level 2 in Dodging
 14024 | Lair:1   | Reached skill level 3 in Evocations
 14083 | Lair:1   | Noticed Grum
 14102 | Lair:1   | Killed Grum
 14103 | Lair:1   | Reached skill level 3 in Dodging
 14275 | Lair:1   | Noticed a cane toad
 14280 | Lair:1   | Killed a cane toad
 14315 | Lair:1   | Reached skill level 5 in Fighting
 14315 | Lair:1   | Reached XP level 11. HP: 65/79 MP: 11/11
 14390 | Lair:1   | Noticed a five-headed hydra
 14477 | Lair:1   | Killed a seven-headed hydra
 14478 | Lair:1   | Reached skill level 4 in Evocations
 15198 | Lair:2   | Reached skill level 4 in Dodging
 15417 | Lair:2   | Found a hole to the Spider Nest.
 15711 | Lair:2   | Reached skill level 12 in Long Blades
 15714 | Lair:2   | Found a staircase to the Shoals.
 15729 | Lair:2   | HP: 36/81 [wind drake (7)]
 15737 | Lair:2   | HP: 30/81 [wind drake (7)]
 15741 | Lair:2   | Reached skill level 6 in Fighting
 16052 | Lair:3   | Noticed an eight-headed hydra
 16052 | Lair:3   | Noticed an eight-headed hydra
 16067 | Lair:3   | Noticed an oklob plant
 16079 | Lair:2   | Reached skill level 5 in Evocations
 16451 | D:10     | HP: 40/81 [gargoyle/stone arrow (20)]
 16670 | D:10     | Found a staircase to the Orcish Mines.
 16899 | D:10     | Noticed a two-headed ogre
 16907 | D:10     | Killed a two-headed ogre
 16908 | D:10     | Reached skill level 5 in Dodging
 17075 | D:10     | HP: 35/83 [gargoyle/stone arrow (8)]
 17738 | D:10     | Reached skill level 6 in Evocations
 17752 | D:10     | Reached skill level 7 in Fighting
 18129 | D:11     | Noticed a deep elf pyromancer
 18147 | D:10     | HP: 40/84 [barbs]
 18320 | D:10     | Gained mutation: You regenerate a lot of health from kills.
                  | [demonic ancestry]
 18320 | D:10     | Reached XP level 12. HP: 64/91 MP: 12/12
 18508 | D:11     | Reached skill level 6 in Dodging
 18532 | D:11     | Found a large runed translucent door.
 18532 | D:11     | Found a large runed translucent door.
 18576 | D:11     | Noticed a boulder beetle
 18926 | D:11     | Reached skill level 7 in Evocations
 18935 | D:11     | Found a large runed translucent door.
 18935 | D:11     | Found a large runed translucent door.
 19402 | D:11     | Identified the Compendium of the Meadowlark
 19569 | D:12     | HP: 42/92 [acid (9)]
 19897 | D:12     | Noticed a six-headed hydra
 20283 | Lair:2   | Reached skill level 8 in Fighting
 20442 | Lair:3   | Paralysed by a floating eye for 2 turns
 20646 | Lair:3   | Killed an eight-headed hydra
 20647 | Lair:3   | Reached skill level 7 in Dodging
 20652 | Lair:3   | Reached skill level 13 in Long Blades
 20681 | Lair:3   | Killed an eight-headed hydra
 20688 | Lair:3   | Reached skill level 8 in Evocations
 21076 | Lair:4   | Noticed Urug
 21096 | Lair:4   | HP: 35/77 [Urug/+2 long sword of draining (17)]
 21099 | Lair:4   | Killed Urug
 21100 | Lair:4   | Reached skill level 8 in Dodging
 21593 | Lair:4   | Gained mutation: You have hooves in place of feet. [demonic
                  | ancestry]
 21593 | Lair:4   | Reached XP level 13. HP: 88/89 MP: 13/13
 21999 | Lair:3   | Reached skill level 14 in Long Blades
 22274 | Lair:4   | HP: 42/98 [death yak (15)]
 23152 | Lair:5   | You fall into a shaft and drop 1 floor!
 23152 | Lair:6   | Entered Level 6 of the Lair of Beasts
 23178 | Lair:6   | Reached skill level 15 in Long Blades
 23403 | Lair:5   | Found a staircase to the Slime Pits.
 23439 | Lair:5   | You fall into a shaft and drop 1 floor!
 23439 | Lair:6   | Noticed Snorg
 23451 | Lair:6   | Killed Snorg
 24173 | Lair:5   | HP: 70/147 [polar bear (9)]
 24458 | Lair:6   | Reached skill level 16 in Long Blades
 24616 | Lair:6   | Reached XP level 14. HP: 102/105 MP: 14/14
 24752 | Lair:6   | HP: 29/105 [dire elephant (28)]
 24757 | Lair:6   | HP: 40/105 [dire elephant (7)]
 26264 | D:12     | Reached skill level 17 in Long Blades
 27121 | D:13     | Found a bloodstained altar of Trog.
 27712 | D:13     | HP: 48/105 [centaur warrior/arrow (6)]
 27940 | D:13     | HP: 43/105 [gargoyle/stone arrow (19)]
 28437 | D:13     | Paralysed by an ogre mage for 2 turns
 28454 | D:13     | Reached skill level 18 in Long Blades
 28723 | D:13     | Found a gate to the Vaults.
 29512 | Orc:1    | Entered Level 1 of the Orcish Mines
 29640 | Orc:1    | Paralysed by an orc sorcerer for 7 turns
 29826 | D:10     | Upgraded the game from 0.27-a0-808-g60bc5d92e6 to
                  | 0.27-a0-819-g058290f16d
 30150 | Orc:2    | Entered Level 2 of the Orcish Mines
 30226 | Orc:2    | HP: 52/105 [orc high priest/divine providence (12)]
 30722 | Orc:2    | Reached XP level 15. HP: 108/110 MP: 15/15
 30729 | Orc:2    | Noticed an orc warlord
 30875 | Orc:2    | Found Xalazxeo's Book Boutique.
 31403 | Orc:2    | HP: 53/110 [orc warlord/+2 long sword of holy wrath (13)]
 31405 | Orc:2    | Killed an orc warlord
 31436 | Orc:2    | Found Terout's Antique Armour Boutique.
 31662 | Orc:2    | Found Riorirug's Antique Armour Boutique.
 31854 | Orc:2    | Found Gykh's Antique Weapon Shop.
 32013 | Orc:2    | Found a staircase to the Elven Halls.
 32155 | Orc:2    | Bought a shiny scale mail for 210 gold pieces
 32218 | Orc:2    | Bought a runed cloak for 247 gold pieces
 32666 | D:14     | Reached skill level 19 in Long Blades
 32998 | D:14     | Found a portal to a secret trove of treasure.
 33112 | D:14     | Found the +12 glaive of Prune {vorpal}
 33213 | D:15     | Entered Level 15 of the Dungeon
 33276 | D:15     | Found a hide-covered altar of Uskayaw.
 33412 | D:15     | Found a staircase to the Depths.
 33872 | D:15     | Reached skill level 9 in Armour
 34117 | D:15     | Noticed Roxanne
 34132 | D:15     | Reached skill level 9 in Dodging
 34180 | D:15     | HP: 3/110 [titanic slime creature (74)]
 34757 | D:15     | Noticed Azrael
 34780 | D:15     | HP: 55/110 [Azrael/damnation (32)]
 34785 | D:15     | Killed Azrael
 35107 | Spider:1 | Entered Level 1 of the Spider Nest
 35144 | Spider:1 | HP: 55/110 [wolf spider (5)]
 35367 | Spider:1 | HP: 55/110 [wolf spider (1)]
 35789 | Spider:1 | Killed a ghost moth
 35799 | Spider:1 | Noticed Donald
 35818 | Spider:1 | Killed Donald
 35975 | Spider:1 | Reached skill level 10 in Armour
 36095 | Spider:1 | Noticed Aizul
 36120 | Spider:1 | HP: 50/110 [poisoned by Aizul (bolt of poison)]
 36125 | Spider:1 | HP: 52/110 [poisoned by Aizul (bolt of poison)]
 36131 | Spider:1 | Killed Aizul
 36132 | Spider:1 | Reached skill level 10 in Dodging
 36305 | Spider:1 | HP: 55/110 [wolf spider (2)]
 36310 | Spider:1 | HP: 40/110 [disintegration (17)]
 36605 | Spider:1 | Reached XP level 16. HP: 102/117 MP: 16/16
 36726 | Spider:1 | Reached skill level 5 in Shields
 37797 | Spider:2 | HP: 53/117 [redback (12)]
 37848 | Spider:2 | Found a one-way gate to the infinite horrors of the Abyss.
 38054 | Spider:2 | Found a corrupted altar of Lugonu.
 38546 | Spider:2 | Noticed Jorgrun
 38558 | Spider:2 | HP: 57/117 [wolf spider (5)]
 38565 | Spider:2 | Killed Jorgrun
 38565 | Spider:2 | HP: 51/117 [moth of wrath (1)]
 38709 | Spider:2 | Noticed Arachne
 38733 | Spider:2 | Killed Arachne
 38734 | Spider:2 | Reached skill level 6 in Shields
 39404 | Spider:2 | HP: 16/117 [boulder beetle (49)]
 39971 | Spider:2 | Reached skill level 11 in Armour
 40016 | Spider:2 | Reached skill level 11 in Dodging
 41385 | Spider:3 | Reached skill level 7 in Shields
 41395 | Spider:2 | HP: 57/117 [poisoned by a redback]
 41400 | Spider:2 | HP: 48/117 [poisoned by a redback]
 41758 | Spider:3 | Noticed Agnes
 41769 | Spider:3 | HP: 56/117 [Agnes/+2 lajatang of speed (18)]
 41778 | Spider:3 | HP: 72/175 [Agnes/+2 lajatang of speed (18)]
 41785 | Spider:3 | Killed Agnes
 41796 | Spider:3 | HP: 58/175 [redback (6)]
 41925 | Spider:3 | HP: 39/117 [disintegration (39)]
 42015 | Spider:3 | HP: 51/117 [jumping spider (8)]
 42021 | Spider:3 | HP: 49/117 [jumping spider (5)]
 42323 | Spider:3 | HP: 57/117 [poisoned by an emperor scorpion]
 42328 | Spider:3 | HP: 50/117 [poisoned by an emperor scorpion]
 42776 | Spider:4 | Entered Level 4 of the Spider Nest
 43647 | Spider:4 | HP: 55/117 [wolf spider (5)]
 43651 | Spider:4 | Reached skill level 8 in Shields
 43660 | Spider:4 | HP: 51/117 [disintegration (14)]
 44003 | Spider:4 | Gained mutation: Spells you cast may paralyse adjacent
                  | enemies. [demonic ancestry]
 44003 | Spider:4 | Reached XP level 17. HP: 122/122 MP: 17/17
 44310 | Shoals:1 | Entered Level 1 of the Shoals
 44316 | Shoals:1 | Noticed Frances
 44324 | Shoals:1 | Killed Frances
 44325 | Shoals:1 | Reached skill level 12 in Armour
 44325 | Shoals:1 | Reached skill level 12 in Dodging
 44484 | Shoals:1 | Noticed a kraken
 44503 | Shoals:1 | Killed a kraken
 44741 | Shoals:1 | Reached skill level 9 in Shields
 45336 | Shoals:2 | Reached skill level 10 in Shields
 46337 | Lair:3   | Learned a level 2 spell: Blink
 46341 | Lair:3   | Learned a level 3 spell: Mephitic Cloud
 46700 | Shoals:2 | Identified the ring of Siestu {Fire Stlth+}
 46793 | Shoals:2 | Reached skill level 11 in Shields
 46903 | Shoals:2 | Found Hulocoam's Assorted Antiques.
 47394 | Shoals:3 | HP: 54/122 [drowned by a drowned soul[a merfolk avatar]
                  | (16)]
 47934 | Shoals:3 | HP: 59/122 [merfolk javelineer/silver javelin (24)]
 48046 | Shoals:3 | HP: 58/122 [alligator snapping turtle (27)]
 48049 | Shoals:3 | HP: 27/122 [alligator snapping turtle (32)]
 48378 | Shoals:3 | Noticed Ilsuiw
 48413 | Shoals:3 | Killed Ilsuiw
 48541 | Shoals:3 | Reached skill level 12 in Shields
 48947 | Shoals:4 | Entered Level 4 of the Shoals
 49005 | Shoals:3 | HP: 38/122 [manticore (36)]
 49259 | Shoals:3 | HP: 53/122 [merfolk javelineer/javelin (24)]
 49264 | Shoals:3 | HP: 39/122 [merfolk javelineer/javelin (8)]
 49682 | Shoals:3 | HP: 49/122 [merfolk/+0 trident (15)]
 49688 | Shoals:3 | HP: 22/122 [merfolk/+0 trident (12)]
 49690 | Shoals:3 | HP: 10/122 [merfolk/+0 trident (15)]
 49696 | Shoals:3 | HP: 34/122 [merfolk/+0 trident (3)]
 50067 | Shoals:4 | Reached skill level 13 in Shields
 50617 | Shoals:4 | HP: 53/122 [merfolk/+0 trident (18)]
 51072 | Shoals:4 | HP: 60/122 [merfolk javelineer/silver javelin (12)]
 51077 | Shoals:4 | HP: 31/122 [merfolk javelineer/silver javelin (15)]
 51082 | Shoals:4 | HP: 45/122 [drowned by a water elemental (5)]
 51083 | Shoals:4 | HP: 21/122 [merfolk javelineer/silver javelin (2)]
 51084 | Shoals:4 | HP: 1/122 [water elemental (13)]
 51084 | Shoals:4 | Slain by a merfolk

Illustrated notes

Levels and vault maps discovered:
D:1:      minmay_arrival_cross, layout_rooms
D:2:      layout_basic, nicolae_dithmenos_through_a_glass_darkly,
          chequers_temple_overflow_statue_of_worship
D:3:      layout_loops_ring, ebering_ghost_sewer_f, minmay_vboxes
D:4:      layout_basic, good_gods_temple_1, minmay_temple_entry_mini_moons,
          minmay_goblin_outpost
D:5:      layout_loops_ring, nemelex_xobeh_ov_fountains_minmay,
          nicolae_qazlal_eye_of_the_storm
D:6:      layout_gridville, kennysheep_little_box, basic_altar,
          portal_sewer_entry_b
D:7:      layout_basic, marbit_many_paths
D:8:      layout_gridville, general_overflow_altar, lair_entry_dummy
D:9:      gammafunk_cloud_chamber, layout_loops_cross,
          lemuel_mausoleum_altar_kikubaaqudgha
D:10:     layout_cave_pools, zombieorc2_lemuel, hangedman_abyss_or_decor_stabs,
          lightli_minifort, uniq_sonja
D:11:     layout_basic, minmay_hollow_rounded_squares
D:12:     layout_basic, minmay_misc_feat_tower
D:13:     layout_loops_ring, grunt_vaults_entry_fortified, trog_wizard
D:14:     layout_roguey, enter_trove_0, minmay_guarded_unrand_prune
D:15:     grunt_enter_depths_hoard, layout_rooms, nicolae_uskayaw_en_pointe,
          uniq_azrael, uniq_roxanne
Temple:   compressed_dpeg_triangle_lava_temple
Lair:1:   beast_lair_carwin_large_1, layout_regular_city, uniq_fannar, uniq_grum
Lair:2:   layout_long_grid, minmay_shoals_entry_beasts, dummy_spider_entry
Lair:3:   layout_big_grid, st_stairs_6, disabler_island
Lair:4:   layout_concentric_octagons, grunt_megastairs_4, lemuel_fruit_tree,
          uniq_urug
Lair:5:   layout_regular_city, minmay_slime_entry_jelly_boxes,
          infiniplex_staircase_pool
Lair:6:   gammafunk_lair_ancient_temple, layout_cellular_growth, uniq_snorg
Shoals:1: layout_shoals, nicolae_shoals_mertower, uniq_frances
Shoals:2: layout_shoals, serial_shops, nicolae_shop_crystal
Shoals:3: layout_shoals, nicolae_shoals_this_corrosion, uniq_ilsuiw
Shoals:4: shoals_end_grunt_garden, layout_shoals
Spider:1: layout_spider_delve, uniq_donald, uniq_aizul
Spider:2: layout_chambers, drop_trap, amcnicky_altar_lugonu_corruption,
          uniq_jorgrun, uniq_arachne
Spider:3: layout_spider_delve, uniq_agnes
Spider:4: grunt_spider_rune_parallel
Orc:1:    layout_caves
Orc:2:    grunt_orc_community_town_hall, layout_caves,
          grunt_orc_community_big_house_1, grunt_orc_community_big_house_1,
          grunt_orc_community_house_1, grunt_orc_community_house_2,
          grunt_orc_community_house_3, grunt_orc_community_house_2,
          grunt_orc_community_house_2, grunt_orc_community_house_2

Skill      XL: |  1  2  3  4  5  6  7  8  9 10 11 12 13 14 15 16 17 |
---------------+----------------------------------------------------+-----
Long Blades    | 2 3 5 6 8 9 10 11 12 13 16 18 19 | 19.0
Shields        | 3 4 8 13 | 13.2
Armour         | 5 7 8 10 11 12 | 12.0
Dodging        | 3 5 8 10 11 12 | 12.0
Evocations     | 3 6 8 |  8.0
Fighting       | 5 7 8 |  8.0

Action                   |  1- 3 |  4- 6 |  7- 9 | 10-12 | 13-15 | 16-18 || total
-------------------------+-------+-------+-------+-------+-------+-------++-------
Melee: Long sword        |    86 |   163 |    22 |       |       |       ||   271
       Kick              |       |    63 |    89 |       |   629 |   506 ||  1287
       Short sword       |       |       |   548 |   130 |       |       ||   678
       Falchion          |       |       |   108 |   772 |  1643 |   647 ||  3170
       Scimitar          |       |       |       |       |   130 |       ||   130
       Double sword      |       |       |       |       |       |   712 ||   712
Invok: Potion Petition   |       |       |       |       |     1 |     4 ||     5
Evoke: Wand              |       |     6 |    18 |    29 |    67 |    68 ||   188
       Condenser vane    |       |       |       |       |       |     2 ||     2
  Use: Scroll            |       |       |     6 |    10 |    15 |    12 ||    43
       Potion            |       |       |     1 |       |     8 |    15 ||    24
 Stab: Paralysed         |       |    12 |     1 |     2 |    36 |     8 ||    59
       Distracted        |       |       |       |     2 |     4 |     6 ||    12
       Invisible         |       |       |       |       |       |     4 ||     4
Armor: Scale mail        |    47 |    73 |   271 |   325 |   463 |       ||  1179
       Chain mail        |       |       |       |       |    70 |   873 ||   943
Dodge: Dodged            |    39 |    72 |   184 |   486 |   920 |   920 ||  2621
Block: Buckler           |       |    15 |    92 |   165 |   252 |       ||   524
       Kite shield       |       |       |       |       |    55 |   874 ||   929
       Reflection        |       |       |       |       |     1 |    58 ||    59
       Rpst.: Long sword |     8 |    19 |     1 |       |       |       ||    28
       Falchion          |       |       |    11 |   101 |   217 |    87 ||   416
       Scimitar          |       |       |       |       |    11 |       ||    11
       Double sword      |       |       |       |       |       |    83 ||    83

Table legend: (Time is in decaauts)
 A = Elapsed time spent in this place.
 B = Non-inter-level travel time spent in this place.
 C = Inter-level travel time spent in this place.
 D = Time resting spent in this place.
 E = Time spent auto-exploring this place.
 F = Levels seen in this place.
 G = Mean time per level.
                   A        B        C        D        E       F      G
               +--------+--------+--------+--------+--------+-----+--------+
         Total |  49961 |  46412 |   3549 |   9034 |  27263 |  32 | 1561.3 |
       Dungeon |  23391 |  21599 |   1792 |   3579 |  13481 |  15 | 1559.4 |
        Temple |    259 |    241 |     18 |      0 |    215 |   1 |  259.0 |
          Lair |   8956 |   8153 |    803 |   1768 |   4532 |   6 | 1492.7 |
        Shoals |   6314 |   5988 |    326 |   1673 |   3143 |   4 | 1578.5 |
   Spider Nest |   8656 |   8335 |    321 |   1684 |   4789 |   4 | 2164.0 |
  Orcish Mines |   2383 |   2096 |    287 |    329 |   1102 |   2 | 1191.5 |
               +--------+--------+--------+--------+--------+-----+--------+

Top non-repeatable levels by time:
Spider:2: 3660 daAuts
Shoals:3: 3385 daAuts
  Lair:2: 2431 daAuts
Spider:1: 2392 daAuts
    D:13: 2245 daAuts
     D:9: 2240 daAuts
     D:4: 1991 daAuts
    D:10: 1896 daAuts
   Orc:2: 1835 daAuts
     D:7: 1647 daAuts
  Lair:6: 1630 daAuts
    D:11: 1615 daAuts
     D:5: 1610 daAuts
  Lair:4: 1563 daAuts
     D:8: 1506 daAuts
